 Dungeon Crawl Stone Soup version 0.19.5 (webtiles) character file.

221 galech the Cudgeler (level 5, -1/55 HPs)
             Began as an Ogre Fighter on Mar 7, 2017.
             Slain by Grinder (2 damage)
             ... while paralysed by Grinder
             ... on level 3 of the Dungeon.
             The game lasted 00:03:25 (2370 turns).

galech the Cudgeler (Ogre Fighter)                  Turns: 2370, Time: 00:03:27

Health: -1/55      AC:  3    Str: 22    XL:     5   Next: 98%
Magic:  14/14      EV:  1    Int:  7    God:
Gold:   102        SH:  0    Dex:  9    Spells: 0 memorised, 4 levels left

rFire  + . .     SeeInvis .     a - +0 flail
rCold  . . .     Gourm    .     l - +0 robe (curse)
rNeg   . . .     Faith    .     c - +0 shield
rPois  .         Spirit   .     (helmet restricted)
rElec  .         Reflect  .     (no cloak)
rCorr  .         Harm     .     (gloves unavailable)
MR     .....                    (boots unavailable)
Stlth  +.........               (no amulet)
                                s - ring of magical power
                                n - ring of protection from fire

@: paralysed
A: unfitting armour, tough skin 1
a: no special abilities


You were on level 3 of the Dungeon.
You were not hungry.

You visited 1 branch of the dungeon, and saw 3 of its levels.

You collected 102 gold pieces.

Inventory:

Hand Weapons
 a - a +0 flail (weapon)
Armour
 b - a +0 robe
 c - a +0 shield (worn)
 l - a cursed +0 robe (worn)
Jewellery
 n - a ring of protection from fire (left hand)
 s - a ring of magical power (right hand)
Wands
 d - a wand of enslavement (5/24)
 r - a wand of flame (19/48)
Scrolls
 e - a scroll of noise {unknown}
 j - a scroll of enchant armour {unknown}
 k - a scroll of enchant weapon {unknown}
 m - 2 scrolls of remove curse {unknown}
 p - 2 scrolls of identify {unknown}
Potions
 g - a potion of degeneration {unknown}
 i - a potion of flight {unknown}
 q - a potion of cure mutation {unknown}
Comestibles
 f - 2 bread rations
 h - a beef jerky
 o - 2 meat rations


   Skills:
 + Level 4.9 Fighting
 + Level 5.6 Maces & Flails
 + Level 3.5 Dodging
 + Level 3.5 Shields


You had 4 spell levels left.
You didn't know any spells.

Dungeon Overview and Level Annotations

Branches:
Dungeon (3/15)

Altars:

Annotations:
D:3 Grinder


Innate Abilities, Weirdness & Mutations

You are too large for most types of armour.
You have tough skin. (AC +1)


Message History

You are too injured to fight recklessly!
You closely miss Grinder.
Grinder is heavily wounded.
You block Grinder's attack.
You hit Grinder but do no damage.
Grinder is heavily wounded.
Grinder gestures at you.
You suddenly lose the ability to move!
Grinder gestures at you. You resist with significant effort. Grinder hits you.
* * * LOW HITPOINT WARNING * * *
You writhe in agony.
* * * LOW HITPOINT WARNING * * *
Grinder hits you.
* * * LOW HITPOINT WARNING * * *
You writhe in agony.
* * * LOW HITPOINT WARNING * * *
Grinder hits you.
You die...

+.....# #......##..
#.....# #......##..
#.....# #..........
#.....############...
#...........# #...
#...........# #...
#...........# ##..
#...........# #..
#.$.@.......# #..
#..5......... #..
#........!... #..
#............. #.#
#.#.#####....8 #....
...8. ....#. .8.
##..#. .8


You could see Grinder.

Vanquished Creatures
  The ghost of galech the Skirmisher, an amateur OgFi of Okawaru (D:3)
  Terence (D:3)
  3 adders (D:2)
  A dart slug (D:1)
  5 leopard geckos (D:2)
  An orc (D:3)
  5 giant cockroaches
  7 goblins
  5 hobgoblins
  7 jackals
  7 kobolds
  A ball python (D:2)
  8 bats
  3 frilled lizards
  4 rats
59 creatures vanquished.

Notes
Turn   | Place    | Note
-------+----------+-------------------------------------------
     0 | D:1      | galech the Ogre Fighter began the quest for the Orb.
     0 | D:1      | Reached XP level 1. HP: 24/24 MP: 1/1
   118 | D:1      | Reached XP level 2. HP: 29/32 MP: 2/2
   250 | D:1      | Reached skill level 3 in Maces & Flails
   987 | D:2      | Reached XP level 3. HP: 39/39 MP: 3/3
  1293 | D:2      | Reached skill level 4 in Maces & Flails
  1400 | D:2      | Reached XP level 4. HP: 49/49 MP: 4/4
  1997 | D:3      | Noticed galech's ghost (amateur OgFi)
  2011 | D:3      | Killed galech's ghost
  2011 | D:3      | Reached skill level 5 in Maces & Flails
  2011 | D:3      | Reached XP level 5. HP: 15/55 MP: 5/5
  2267 | D:3      | Noticed Terence
  2275 | D:3      | Killed Terence
  2349 | D:3      | Noticed Grinder
  2366 | D:3      | Paralysed by Grinder for 7 turns
  2369 | D:3      | HP: 1/55 [Grinder (3)]
  2370 | D:3      | Slain by Grinder

Skill      XL: |  1  2  3  4 |
---------------+-------------+-----
Shields        | 3 |  3.5
Maces & Flails | 3 4 5 |  5.6
Dodging        | 3 |  3.5
Fighting       | |  4.9

Action                   |  1- 3 |  4- 6 || total
-------------------------+-------+-------++-------
Melee: Flail             |   122 |    88 ||   210
  Use: Potion            |       |     1 ||     1
  Eat: Chunk             |     2 |     3 ||     5
Armor: Robe              |    50 |    19 ||    69
Dodge: Dodged            |    45 |    35 ||    80
Block: Shield            |    63 |    51 ||   114
